 Dungeon Sprint DCSS version 0.21-a0-91-ga5031da (webtiles) character file.

75910 Kidiri the Black Belt (level 14, -25/154 HPs)
             Began as a Black Draconian Transmuter on June 28, 2017.
             Was the Champion of Wu Jian.
             Shot with an arrow by a deep elf master archer (35 damage)
             ... in the Dungeon (Sprint III: "The Ten Rune Challenge").
             The game lasted 00:33:57 (6423 turns).

Kidiri the Black Belt (Black Draconian Transmuter)  Turns: 6423, Time: 00:33:58

Health: -25/154    AC: 11    Str: 20    XL:     14   Next: 10%
Magic:  26/26      EV: 19    Int: 16    God:    Wu Jian [******]
Gold:   1836       SH:  0    Dex: 15    Spells: 13/36 levels left

rFire    x . .     SeeInvis +     - Unarmed
rCold    + + +     Gourm    .   (shield currently unavailable)
rNeg     . . .     Faith    .   (armour unavailable)
rPois    +         Spirit   .   (helmet currently unavailable)
rElec    .         Reflect  +   (cloak currently unavailable)
rCorr    .         Harm     .   (gloves currently unavailable)
MR       +....     NoTele   +   (boots currently unavailable)
Stlth    ++........             E - amulet of Latsoyrro {Reflect rC++ SH+5 SInv}
HPRegen  0.35/turn              u - +4 ring of protection
MPRegen  0.20/turn              w - ring of the Raven {rPois Str+4}

@: confused, ice-form, slowed, drained, very slow
A: (breathe lightning), unfitting armour, see invisible, clever 1, low mp 1,
screaming 1, strong 1, AC +8
}: 2/10 runes: decaying, serpentine
a: End Transformation, Serpent's Lash, Heavenly Storm, Renounce Religion


You were in the Dungeon.
You worshipped Wu Jian.
Wu Jian was exalted by your worship.
You were not hungry.
You were a creature of crystalline ice.
You visited 1 branch You collected 3543 gold pieces.
You spent 1707 gold pieces at shops.

Inventory:

Hand Weapons
 B - the +1 triple sword "Fuci" {slice, +Fly MR+ MP-9}
   (You found it in the Dungeon)

   It inflicts extra damage upon your enemies.
   It affects your resistance to hostile enchantments.
   It affects your magic capacity (-9).
   It lets you fly.
Missiles
 a - 94 arrows
Armour
 s - a +0 hat of see invisible (melded)
Jewellery
 u - a +4 ring of protection (left front paw)
 v - a +6 amulet of reflection
 w - the ring of the Raven (right front paw) {rPois Str+4}
   (You bought it in a shop in the Dungeon)

   [ring of poison resistance]

   It affects your strength (+4).
   It protects you from poison.
 E - the amulet of Latsoyrro (around neck) {Reflect rC++ SH+5 SInv}
   (You found it in the Dungeon)

   [amulet of reflection]

   It shields you and reflects attacks.
   It greatly protects you from cold.
   It lets you see invisible.
   It affects your SH (+5).
Wands
 y - a wand of polymorph (12/24)
 F - a wand of acid (7/15)
Scrolls
 e - 3 scrolls of immolation
 j - 4 scrolls of enchant weapon
 k - 2 scrolls of fear {unknown}
 l - a scroll of remove curse
 x - a scroll of fog
 D - a scroll of identify
Potions
 f - a potion of haste
 g - 3 potions of magic
 h - a potion of berserk rage
 n - a potion of flight
 o - 4 potions of mutation
 r - a potion of degeneration
 t - a potion of ambrosia
 A - 2 potions of agility {unknown}
Books
 b - a book of Changes

   Spells                             Type                      Level
   a - Beastly Appendage              Transmutation                1
   b - Sticks to Snakes               Transmutation                2
   c - Spider Form                    Transmutation/Poison         3
   d - Ice Form                       Ice/Transmutation            4
   e - Blade Hands                    Transmutation                5
 p - a book of Minor Magic

   Spells                             Type                      Level
   a - Magic Dart                     Conjuration                  1
   b - Blink                          Translocation                2
   c - Call Imp                       Summoning                    2
   d - Slow                           Hexes                        2
   e - Conjure Flame                  Conjuration/Fire             3
   f - Mephitic Cloud                 Conjuration/Poison/Air       3
 C - Loigyke's Reference Book on the Virous Frostbite
   (You found it in the Dungeon)

   Spells                             Type                      Level
   a - Sting                          Conjuration/Poison           1
   b - Throw Frost                    Conjuration/Ice              2
   c - Ensorcelled Hibernation        Hexes/Ice                    2
   d - Mephitic Cloud                 Conjuration/Poison/Air       3
   e - Bolt of Cold                   Conjuration/Ice              6
   f - Ozocubu's Refrigeration        Ice                          6
Comestibles
 c - a bread ration
 i - 20 royal jellies
 m - a meat ration


   Skills:
 + Level 13.3(12.5) Fighting
 * Level 15.6(14.7) Dodging
 + Level 12.1(11.4) Stealth
 * Level 16.9(16.0) Unarmed Combat
 + Level 11.5(10.7) Spellcasting
 + Level 10.2(9.5) Conjurations
 + Level 5.3(4.6) Translocations
 * Level 16.6(15.7) Transmutations
 + Level 12.2(11.4) Poison Magic


You had 13 spell levels left.
You knew the following spells:

 Your Spells              Type           Power        Failure   Level  Hunger
a - Beastly Appendage     Tmut           ######       0%          1    None
b - Sticks to Snakes      Tmut           ######..     1%          2    None
c - Spider Form           Tmut/Pois      ######....   1%          3    None
d - Ice Form              Ice/Tmut       ####....     3%          4    ###....
e - Blade Hands           Tmut           ######....   1%          5    #####..
f - Mephitic Cloud        Conj/Pois/Air  ####....     1%          3    None
g - Conjure Flame         Conj/Fire      ###.....     3%          3    None
h - Blink                 Tloc           N/A          1%          2    None


Dungeon Overview and Level Annotations

Branches:
Dungeon (1/1)

Altars:
Cheibriados
Dithmenos
Elyvilon
Fedhas
Gozag
Hepliaklqana
Kikubaaqudgha
Makhleb
Nemelex Xobeh
Okawaru
Qazlal
Ru
Sif Muna
Trog
Uskayaw
Vehumet
Wu Jian
Xom
Yredelemnul
Zin
The Shining One
Beogh
Jiyva
Lugonu

Shops:
D (}?=(=%?=!?}?%}:[(?

Annotations:
D exclusion: 3 doors


Innate Abilities, Weirdness & Mutations

((You can breathe wild blasts of lightning.))
((Your glossy black scales are hard. (AC +8)))
You cannot fit into any form of body armour.
((Your large and strong wings let you fly indefinitely.))
((You are resistant to electric shocks. (rElec)))
((You are cold-blooded and may be slowed by cold attacks.))
You have supernaturally acute eyesight. (SInv)
Your mind is acute. (Int +2)
Your magical capacity is low. (-10% MP)
You occasionally shout uncontrollably at your foes.
Your muscles are strong. (Str +2)


Message History

The hellwing hits you but does no damage.
The hellwing hits you.
* * * LOW HITPOINT WARNING * * *
The hellwing misses you. x2
Unknown command.
You bump into the stone wall.
The hellwing hits you.
* * * LOW HITPOINT WARNING * * *
The hellwing misses you.
Unknown command.
You bump into the translucent rock wall.
The hellwing hits you but does no damage. x2
The hellwing misses you. The hellwing closely misses you.
Unknown command.
The deep elf master archer shoots an arrow.
The arrow hits you!!
* * * LOW HITPOINT WARNING * * *
The hellwing misses you. The hellwing completely misses you.
The deep elf master archer shoots an arrow.
The arrow hits you!!
You die...

▓▓▓▓▓▓▓ ###
###..##.##################***
__###...###..'.#...##....'....,,*
._#.))......##[#...##≈≈≈≈##§§#*,*
+##[[[).....##[#...≈≈≈e44e.E§§*,*
%)#))[.......#[#Y..##≈≈≈4##§e#*,*
..#.#.#∩.#####.4...##ee41EE.§.,,*
#'#.#..##.#*,#################***
..#'###########################**
..#..§§≈§.#.'...'.#.#.#.+...≈≈#,*
..#.#§≈§#.#.#...##.#.#.##...≈≈###
..'.#§§§#.#.#)..#.#.#.#.#...≈≈≈≈#
..#.#§[§#...#)).##.#.#.##...≈≈≈≈#
▓▓▓▓▓▓▓▓▓▓▓▓▓▓▓▓#.#.#.#.#.......#


You could see a deep elf master archer, a hellwing and an ice devil.

Vanquished Creatures
  Rupert (D)
  Frances (D)
  Gastronok (D)
  Donald (D)
  A nagaraja (D)
  A deep elf demonologist (D)
  2 dire elephants (D)
  A fire dragon (D)
  A deep elf high priest (D)
  A naga warrior (D)
  5 ice dragons (D)
  3 centaur warriors (D)
  2 hydras (D)
  Erica (D)
  3 anacondas (D)
  4 dancing weapons (D)
  4 death yaks (D)
  4 orc high priests (D)
  Urug (D)
  A deep elf knight (D)
  A spriggan druid (D)
  An unseen horror (D)
  An obsidian statue (D)
  A lindwurm (D)
  5 deep elf magi (D)
  4 crystal guardians (D)
  An ugly thing (D)
  8 black mambas (D)
  2 elephants (D)
  A guardian serpent (D)
  2 spiny frogs (D)
  A rime drake (D)
  A komodo dragon (D)
  A queen bee (D)
  4 spriggan defenders (D)
  2 tyrant leeches (D)
  8 blink frogs (D)
  A slime creature (D)
  2 spriggans (D)
  A shadow (D)
  3 redbacks (D)
  3 wandering mushrooms (D)
  A spatial vortex (D)
  2 nagas (D)
  4 hydra simulacra (D)
  A floating eye (shapeshifter) (D)
  4 water moccasins (D)
  A swamp drake (D)
  A necrophage (D)
  A black mamba simulacrum (D)
  2 centaurs (D)
  An earth elemental (D)
  A water elemental (D)
  32 killer bees (D)
  A jelly (D)
  2 orc wizards (D)
  3 orc priests (D)
  A wizard (D)
  Jessica (D)
  A necromancer (D)
  3 humans (D)
  A kobold demonologist (D)
  An adder (D)
  2 oozes (D)
  2 swamp drake simulacra (D)
  A phantom (D)
  13 orcs (D)
  20 plants (D)
196 creatures vanquished.

Vanquished Creatures (others)
  2 draconian scorchers (D)
  A hydra (D)
  A death drake (D)
  6 hellions (D)
  2 yaktaurs (D)
  An electric eel (D)
  11 plants (D)
24 creatures vanquished.

Grand Total: 220 creatures vanquished

Notes
Turn   | Place    | Note
-------+----------+-------------------------------------------
     0 | D        | Kidiri the Draconian Transmuter began the quest for the Orb.
     0 | D        | Reached XP level 1. HP: 16/16 MP: 3/3
    15 | D        | Reached XP level 2. HP: 21/23 MP: 3/5
    19 | D        | Learned a level 2 spell: Sticks to Snakes
    49 | D        | Noticed Jessica
    60 | D        | Killed Jessica
    60 | D        | Reached skill level 1 in Stealth
    60 | D        | Reached XP level 3. HP: 11/29 MP: 3/6
    68 | D        | Learned a level 3 spell: Spider Form
    77 | D        | Killed a hellion
    87 | D        | Killed a hellion
   122 | D        | Killed a hellion
   150 | D        | Killed a white draconian scorcher
   183 | D        | Killed a white draconian scorcher
   204 | D        | Killed a hellion
   244 | D        | Killed a hellion
   287 | D        | Killed a hellion
   341 | D        | Gained mutation: Your magical capacity is low. (-10% MP) [potion of mutation]
   341 | D        | Gained mutation: Your magical capacity is very low. (-20% MP) [potion of mutation]
   341 | D        | Gained mutation: Your muscles are strong. (Str +2) [potion of mutation]
   341 | D        | Gained mutation: Your flesh is heat resistant. (rF+) [potion of mutation]
   342 | D        | Lost mutation: Your flesh is heat resistant. (rF+) [potion of mutation]
   342 | D        | Lost mutation: Your magical capacity is very low. (-20% MP) [potion of mutation]
   342 | D        | Lost mutation: Your magical capacity is low. (-10% MP) [potion of mutation]
   342 | D        | Gained mutation: Your tail ends in a poisonous barb. [potion of mutation]
   342 | D        | Gained mutation: You have supernaturally acute eyesight. (SInv) [potion of mutation]
   342 | D        | Gained mutation: Your magical capacity is low. (-10% MP) [potion of mutation]
   342 | D        | Gained mutation: Your mind is acute. (Int +2) [potion of mutation]
   381 | D        | Killed a four-headed hydra
   422 | D        | Killed a yaktaur
   474 | D        | Noticed a water elemental
   481 | D        | Killed a water elemental
   481 | D        | Reached skill level 5 in Unarmed Combat
   481 | D        | Reached skill level 1 in Poison Magic
   481 | D        | Reached XP level 4. HP: 38/38 MP: 4/8
   487 | D        | Found an ornate altar of the Wu Jian Council.
   487 | D        | Found a roughly hewn altar of Beogh.
   487 | D        | Found an iron altar of Okawaru.
   487 | D        | Found a bloodstained altar of Trog.
   487 | D        | Found a hide-covered altar of Uskayaw.
   487 | D        | Noticed a human
   488 | D        | Noticed a human
   490 | D        | Became a worshipper of the Wu Jian Council
   527 | D        | Killed a human
   527 | D        | Reached skill level 5 in Dodging
   527 | D        | Reached skill level 5 in Transmutations
   527 | D        | Reached XP level 5. HP: 11/46 MP: 3/9
   722 | D        | Killed a yaktaur
   763 | D        | Learned a level 4 spell: Ice Form
   788 | D        | Found a glowing silver altar of Zin.
   801 | D        | Killed a human
   801 | D        | Reached XP level 6. HP: 35/55 MP: 7/11
   803 | D        | Found a glowing golden altar of the Shining One.
   803 | D        | Found a white marble altar of Elyvilon.
   803 | D        | Noticed a deep elf mage
   814 | D        | Killed a deep elf mage
   814 | D        | Reached * piety under Wu Jian
   814 | D        | Reached skill level 5 in Fighting
   814 | D        | Reached skill level 5 in Stealth
   814 | D        | Reached skill level 5 in Spellcasting
   814 | D        | Your scales start taking on a glossy black colour.
   814 | D        | Reached XP level 7. HP: 37/62 MP: 9/13
   814 | D        | Gained mutation: You are resistant to electric shocks. (rElec) [Black Draconian growth]
   944 | D        | Learned a level 5 spell: Blade Hands
   951 | D        | Found a radiant altar of Vehumet.
   952 | D        | Found a deep blue altar of Sif Muna.
   952 | D        | Found an ancient bone altar of Kikubaaqudgha.
   978 | D        | Found a basalt altar of Yredelemnul.
   978 | D        | Found a shadowy altar of Dithmenos.
   978 | D        | Found a sacrificial altar of Ru.
   982 | D        | Reached ** piety under Wu Jian
  1070 | D        | Noticed a shadow
  1074 | D        | Killed a shadow
  1074 | D        | Reached skill level 5 in Poison Magic
  1074 | D        | Reached XP level 8. HP: 69/70 MP: 8/14
  1116 | D        | Learned a level 3 spell: Mephitic Cloud
  1119 | D        | Found a blossoming altar of Fedhas.
  1119 | D        | Found a stormy altar of Qazlal.
  1119 | D        | Found a snail-covered altar of Cheibriados.
  1119 | D        | Found a burning altar of Makhleb.
  1119 | D        | Found a shimmering altar of Xom.
  1120 | D        | Found a hazy altar of Hepliaklqana.
  1120 | D        | Found an opulent altar of Gozag.
  1120 | D        | Found a sparkling altar of Nemelex Xobeh.
  1120 | D        | Found a corrupted altar of Lugonu.
  1120 | D        | Found a viscous altar of Jiyva.
  1124 | D        | Reached *** piety under Wu Jian
  1138 | D        | Noticed Erica
  1142 | D        | Killed Erica
  1158 | D        | Reached XP level 9. HP: 69/79 MP: 9/16
  1202 | D        | Noticed a centaur warrior
  1205 | D        | Killed a centaur warrior
  1205 | D        | Reached **** piety under Wu Jian
  1205 | D        | Reached skill level 10 in Unarmed Combat
  1205 | D        | Reached skill level 10 in Transmutations
  1265 | D        | Learned a level 3 spell: Conjure Flame
  1276 | D        | Noticed an unseen horror
  1277 | D        | Killed an unseen horror
  1303 | D        | Noticed a queen bee
  1313 | D        | Reached ***** piety under Wu Jian
  1320 | D        | Reached skill level 1 in Conjurations
  1508 | D        | Reached skill level 10 in Dodging
  1512 | D        | Reached XP level 10. HP: 88/88 MP: 13/18
  1515 | D        | Reached ****** piety under Wu Jian
  2081 | D        | Noticed a spiny frog
  2081 | D        | Noticed a spiny frog
  2085 | D        | Killed a spiny frog
  2087 | D        | Killed a spiny frog
  2179 | D        | Noticed a lindwurm
  2184 | D        | Killed a lindwurm
  2419 | D        | Noticed Urug
  2436 | D        | Killed Urug
  2436 | D        | Reached XP level 11. HP: 77/97 MP: 1/20
  2507 | D        | Killed a death drake
  2958 | D        | Noticed Rupert
  2964 | D        | Killed Rupert
  2964 | D        | Reached skill level 10 in Fighting
  2964 | D        | Reached skill level 5 in Conjurations
  2977 | D        | Noticed a death yak
  2977 | D        | Noticed a death yak
  2983 | D        | Killed a death yak
  2986 | D        | Killed a death yak
  2990 | D        | Noticed a death yak
  2990 | D        | Killed a death yak
  2990 | D        | Noticed a death yak
  2992 | D        | Killed a death yak
  3213 | D        | Noticed an azure jelly
  3213 | D        | Noticed an azure jelly
  3291 | D        | Noticed an anaconda
  3291 | D        | Noticed an anaconda
  3294 | D        | Killed an anaconda
  3294 | D        | Reached XP level 12. HP: 95/108 MP: 16/22
  3296 | D        | Killed an anaconda
  3409 | D        | Noticed an anaconda
  3412 | D        | Reached skill level 10 in Stealth
  3416 | D        | Killed an anaconda
  3416 | D        | Reached skill level 10 in Poison Magic
  3533 | D        | Noticed a naga warrior
  3533 | D        | Noticed a nagaraja
  3537 | D        | Found Kyvoshen's Antique Weapon Boutique.
  3537 | D        | Found Guaduv's Gadget Emporium.
  3538 | D        | Killed a naga warrior
  3540 | D        | Killed a nagaraja
  3543 | D        | Found Micwiel's Magic Scroll Shop.
  3586 | D        | Got a serpentine rune of Zot
  3662 | D        | Noticed an azure jelly
  3662 | D        | Noticed an azure jelly
  3664 | D        | Noticed a dire elephant
  3664 | D        | Noticed a dire elephant
  3664 | D        | Noticed Gastronok
  3665 | D        | Killed a dire elephant
  3665 | D        | Reached skill level 10 in Spellcasting
  3671 | D        | Killed Gastronok
  3677 | D        | Killed a dire elephant
  3677 | D        | Reached skill level 15 in Unarmed Combat
  3902 | D        | Noticed an orc high priest
  3902 | D        | Noticed an orc high priest
  3907 | D        | Found Yskum's Jewellery Shoppe.
  3913 | D        | Killed an orc high priest
  3913 | D        | Reached XP level 13. HP: 63/117 MP: 20/24
  3915 | D        | Reached skill level 15 in Transmutations
  3980 | D        | Bought a +4 ring of protection for 432 gold pieces
  3980 | D        | Bought a +6 amulet of reflection for 702 gold pieces
  3980 | D        | Bought the ring of the Raven {rPois Str+4} for 424 gold pieces
  4159 | D        | Bought a scroll of identify for 26 gold pieces
  4159 | D        | Bought a scroll of identify for 26 gold pieces
  4159 | D        | Bought a scroll of identify for 26 gold pieces
  4159 | D        | Bought a scroll of fog for 26 gold pieces
  4162 | D        | Bought a scroll of magic mapping for 45 gold pieces
  4367 | D        | Learned a level 2 spell: Blink
  4367 | D        | Noticed a deep elf demonologist
  4533 | D        | Noticed Donald
  4533 | D        | Noticed Frances
  4541 | D        | Killed Donald
  4541 | D        | Reached skill level 1 in Translocations
  4542 | D        | Killed Frances
  4697 | D        | Found Vaag's Magic Scroll Emporium.
  4697 | D        | Found Esug's Gadget Shop.
  4697 | D        | Found Dimamnie's Magic Scroll Boutique.
  4697 | D        | Found Cudumol's Magic Scroll Shoppe.
  4697 | D        | Found Atzan's Gadget Boutique.
  4697 | D        | Found Hysihel's Food Emporium.
  4697 | D        | Found Huelud's Distillery.
  4697 | D        | Found Syptuv's Antique Weapon Shop.
  4697 | D        | Found Loewko's Jewellery Shop.
  4697 | D        | Found Byosol's Antique Armour Emporium.
  4697 | D        | Found Fyxeiz's Magic Scroll Emporium.
  4697 | D        | Found Ucuat's Book Boutique.
  4919 | D        | Lost mutation: Your tail ends in a poisonous barb. [mutagenic meat]
  4946 | D        | Noticed a fire dragon
  4953 | D        | Killed a fire dragon
  5234 | D        | Reached skill level 15 in Dodging
  5239 | D        | Got a bone triple sword
  5239 | D        | Got a crystal shortbow
  5240 | D        | Identified the +1 triple sword "Fuci" {slice, +Fly MR+ MP-9} (You found it in the Dungeon)
  5241 | D        | Identified the +3 shortbow of Integrity {venom, Fragile rPois rN+ SInv} (You found it in the Dungeon)
  5709 | D        | Found a blossoming altar of Fedhas.
  5748 | D        | Identified Loigyke's Reference Book on the Virous Frostbite
  5794 | D        | Got a scorched lead amulet
  6020 | D        | Reached skill level 10 in Conjurations
  6036 | D        | Identified the amulet of Latsoyrro {Reflect rC++ SH+5 SInv} (You found it in the Dungeon)
  6185 | D        | Found Meg Ryiv's Antique Weapon Emporium.
  6185 | D        | Found Kotial's Jewellery Shop.
  6188 | D        | Found Escho's Food Shoppe.
  6195 | D        | Gained mutation: Your large and strong wings let you fly indefinitely. [Black Draconian growth]
  6195 | D        | Reached XP level 14. HP: 129/129 MP: 22/26
  6206 | D        | Reached skill level 5 in Translocations
  6262 | D        | Got a decaying rune of Zot
  6405 | D        | Noticed a cacodemon
  6405 | D        | Noticed a deep elf master archer
  6411 | D        | Noticed an Executioner
  6417 | D        | Gained mutation: You occasionally shout uncontrollably at your foes. [a cacodemon]
  6423 | D        | Shot with an arrow by a deep elf master archer

Vault maps used:
D:        dungeon_sprint_mu

Skill      XL: |  1  2  3  4  5  6  7  8  9 10 11 12 13 14 |
---------------+-------------------------------------------+-----
Dodging        | 2 3 4 5 6 7 8 10 11 12 14 15 | 15.6
Fighting       | 2 3 4 5 6 7 8 9 10 11 13 | 13.3
Stealth        | 1 2 3 4 5 6 7 8 9 10 12 | 12.1
Unarmed Combat | 4 5 6 7 8 9 11 12 13 15 16 | 16.9
Transmutations | 3 4 5 6 7 8 9 10 12 13 14 16 | 16.6
Spellcasting   | 3 4 5 6 7 8 9 10 11 | 11.5
Poison Magic   | 1 3 4 5 6 7 8 9 10 12 | 12.2
Conjurations   | 1 4 6 8 10 | 10.2
Translocations | 4 5 |  5.3

Action                   |  1- 3 |  4- 6 |  7- 9 | 10-12 | 13-15 || total
-------------------------+-------+-------+-------+-------+-------++-------
Melee: Unarmed           |    34 |    26 |    62 |   316 |   204 ||   642
       Kick              |     4 |       |       |       |       ||     4
       Tailslap          |     2 |       |     1 |    33 |    32 ||    68
       Punch             |       |       |     3 |    20 |    14 ||    37
 Cast: Beastly Appendage |     3 |       |       |     1 |       ||     4
       Spider Form       |     2 |     3 |     1 |     1 |     2 ||     9
       Blade Hands       |       |       |     8 |    19 |    14 ||    41
       Ice Form          |       |       |       |     1 |     6 ||     7
       Mephitic Cloud    |       |       |       |     1 |     1 ||     2
       Conjure Flame     |       |       |       |     1 |       ||     1
       Sticks to Snakes  |       |       |       |     1 |       ||     1
Invok: Serpent's Lash    |       |       |       |     9 |     4 ||    13
       Heavenly Storm    |       |       |       |     6 |     2 ||     8
 Abil: Breathe Lightning |       |       |       |     2 |     1 ||     3
       Evoke Flight      |       |       |       |       |     1 ||     1
  Use: Scroll            |     3 |     1 |       |       |     4 ||     8
       Potion            |     3 |     1 |       |       |     4 ||     8
 Stab: Sleeping          |     1 |     1 |     8 |     4 |    10 ||    24
       Confused          |       |       |       |     1 |       ||     1
       Distracted        |       |       |       |       |     1 ||     1
       Paralysed         |       |       |       |       |     1 ||     1
  Eat: Chunk             |       |       |     3 |     6 |     3 ||    12
       Royal jelly       |       |       |     1 |     5 |       ||     6
       Bread ration      |       |       |       |     1 |       ||     1
       Fruit             |       |       |       |       |     8 ||     8
Armor: Skin              |     7 |     2 |     4 |    20 |    32 ||    65
Dodge: Dodged            |    25 |    25 |    67 |   168 |   104 ||   389
Block: Other             |       |       |       |       |    28 ||    28
       Reflection        |       |       |       |       |     4 ||     4
